 Dungeon Crawl Stone Soup version 0.26.1-11-gd32895ea62 (webtiles) character file.

Game seed: 2650974942128278041

32 nightchill the Skirmisher (level 3, 30/30 HPs)
             Began as a Formicid Fighter on Apr 13, 2021.
             Got out of the dungeon alive.
             The game lasted 00:01:19 (1152 turns).

nightchill the Skirmisher (Formicid Fighter)        Turns: 1152, Time: 00:01:19

Health: 30/30      AC:  6    Str: 21    XL:     3   Next: 45%
Magic:  3/3        EV:  7    Int:  7    God:
Gold:   76         SH:  9    Dex: 10    Spells: 2/2 levels left

rFire    . . .     SeeInvis +   a - +0 war axe
rCold    . . .     Faith    .   c - +0 kite shield
rNeg     . . .     Spirit   .   b - +0 scale mail
rPois    .         Reflect  .   (helmet unavailable)
rElec    .         Harm     .   (no cloak)
rCorr    .         Rampage  .   (no gloves)
Will     .....                  (no boots)
Stlth    ..........             (no amulet)
HPRegen  0.10/turn              (no ring)
MPRegen  0.08/turn              (no ring)

@: no status effects
A: permanent stasis, dig shafts and tunnels, four strong arms, antennae 3
a: Dig, Shaft Self


You escaped.
You visited 1 branch of the dungeon, and saw 2 of its levels.

You collected 76 gold pieces.

Inventory:

Hand Weapons
 a - a +0 war axe (weapon)
Armour
 b - a +0 scale mail (worn)
 c - a +0 kite shield (worn)
Scrolls
 e - 2 scrolls of identify {unknown}
 f - a scroll of noise {unknown}
 g - a scroll of amnesia {unknown}
 h - a scroll of fog {unknown}
 i - a scroll of immolation {unknown}
Potions
 d - 2 potions of might
 j - a potion of curing {unknown}


   Skills:
 + Level 3.7 Fighting
 * Level 3.2 Axes
 - Level 3.2 Armour
 - Level 3.6 Shields


You had 2 spell levels left.
You didn't know any spells.
Your spell library was empty.

Dungeon Overview and Level Annotations

Branches:
Dungeon (2/15)

Altars:


Innate Abilities, Weirdness & Mutations

You cannot be hasted, slowed, berserked, paralysed or teleported.
You can dig through walls and to a lower floor.
Your four strong arms can wield two-handed weapons with a shield.
You have a pair of large antennae on your head. (SInv)


Message History

You block the bat's attack. The bat barely misses you.
You slash the bat!
You kill the bat!
No target in view!
No target in view!
(D) Dungeon
Where to? (Enter - D:2, ? - help)
You climb upwards.
There is a stone staircase leading down here.
(D) Dungeon
Where to? (Enter - D:1, ? - help)
Okay, then.
You see here 23 stones.
You see here 29 stones.
There is a staircase leading out of the dungeon here.
Are you sure you want to leave the Dungeon?
This will make you lose the game!
Alright, then stay!
Unknown command.
Are you sure you want to leave the Dungeon?
This will make you lose the game!
You have escaped!

.......##.........#..............
.............##...+.#####........
..................#.#.# ####.....
..................#.#.# ####..
....................#.# #..
.............#......#.# #..
..####.......#......#.# ### #..
...###.###...########.#####8###..
...##.........##@.(........(....#
...##..........######.#####8###.#
..###...............#.# ### #.#
..# #..........##...#.# ####..
..# ##...(.....##...#.# #.....
######.......####...#.# #.....
..(..........# #####.# ####.....
.......##....## ########........
..............# #......#........


There were no monsters in sight!

Vanquished Creatures
  A dart slug (D:1)
  3 leopard geckos (D:1)
  A giant cockroach (D:1)
  4 goblins (D:1)
  3 hobgoblins (D:1)
  4 jackals (D:1)
  A bat (D:2)
  2 frilled lizards (D:1)
  4 kobolds (D:1)
  2 rats
25 creatures vanquished.

Notes
Turn   | Place    | Note
-------+----------+-------------------------------------------
     0 | D:1      | nightchill the Formicid Fighter began the quest for the
                  | Orb.
     0 | D:1      | Reached XP level 1. HP: 18/18 MP: 1/1
   232 | D:1      | Reached XP level 2. HP: 10/24 MP: 2/2
   607 | D:1      | Reached XP level 3. HP: 17/29 MP: 3/3
  1152 | D:$      | Got out of the dungeon alive.

Illustrated notes

Levels and vault maps discovered:
D:1:      lemuel_arrival_cross, layout_basic
D:2:      layout_rooms, xom_butterflies, lemuel_coloured_pillars_altar

Skill      XL: |  1  2  3 |
---------------+----------+-----
Axes           | 3 |  3.2
Fighting       | |  3.7
Armour         | |  3.2
Shields        | |  3.6

Action                   || total
-------------------------++-------
Melee: War axe           ||    67
Armor: Scale mail        ||    28
Dodge: Dodged            ||    26
Block: Kite shield       ||    52
